[Event "Kvibergspelen 2018"]
[Site "Prioritet Serneke Arena, Krutvagen 2, Gothenburg, Sweden"]
[Date "2018.04.20"]
[Round "4.5"]
[White "Strom, Leif"]
[Black "Hillarp Persson, Tiger"]
[Result "1/2-1/2"]
[TimeControl "15 minutes + 5 seconds per move from move one (Round 1 - 4) / 90 minutes + 30 seconds per move from move one (Round 5 - 8)"]
[BlackTitle "GM"]
[WhiteFideId "1709410"]
[BlackFideId "1700812"]
[WhiteElo "2111"]
[BlackElo "2540"]

1. c4 e5 2. g3 Nc6 3. Bg2 Bc5 4.
Nc3 a6 5. e3 Ba7 6. Nge2 d6 7. O-O h5 8. h3 h4 9. g4 f5 10. f3 Nf6 11. d4 Qe7 12. Kh1 g6 13. a3 Qf7 14. b3 Bd7 15. Bb2 Rb8 16. Qd2 O-O 17. g5 Nh5 18.
f4 exd4 19. exd4 Rfe8 20. Bd5 Be6 21.
Bxe6 Qxe6 22. d5 Qxe2 23. Nxe2 Rxe2 24. Qxe2 Ng3 25. Kg2 Nxe2 26. dxc6 bxc6 27. Rae1 Ng3 28. Rf3 Ne4 29. b4 Kf7 30. Rd3 a5 31. Bc3 axb4 32. axb4 Nxc3 33.
Rxc3 Rxb4 34. Re2 Bd4 35. Ra3 Rxc4 36.
Ra8 Bb6 37. Rae8 Re4 38. R2xe4 fxe4 39. Rxe4 d5 40. Re5 Bd4 41. Re2 c5 42. Kf3 c4 43. Kg4 Bc5 44. f5 d4 45. fxg6+ Kxg6 46.
Re6+ Kf7 47. Rc6 d3 48. Rxc5 d2 49. Rd5 c3 50. Kf5 c2 51. g6+ Ke7 52. g7 d1=Q 53. g8=Q Qf3+ 54. Ke5 Qe3+ 55. Kf5 Qxh3+ 56. Ke5 Qe3+ 57. Kf5 Qf3+ 58. Ke5 Qe2+ 59. Kf5 Qh5+ 60. Ke4 Qxd5+ 61. Kxd5 c6+ 62. Ke5 c1=Q 63. Qh7+ Kd8 64. Qxh4+ Kc8 65. Kd6 Qa3+ 66. Kxc6 Qa6+ 1/2-1/2

[Event "Kvibergspelen 2018"]
[Site "Prioritet Serneke Arena, Krutvagen 2, Gothenburg, Sweden"]
[Date "2018.04.20"]
[Round "4.6"]
[White "Tikkanen, Hans"]
[Black "Naslund, Mikael"]
[Result "1-0"]
[TimeControl "15 minutes + 5 seconds per move from move one (Round 1 - 4) / 90 minutes + 30 seconds per move from move one (Round 5 - 8)"]
[WhiteTitle "GM"]
[BlackTitle "FM"]
[WhiteFideId "1706446"]
[BlackFideId "1708260"]
[WhiteElo "2486"]
[BlackElo "2224"]

1. d4 Nf6 2. Nf3 g6 3. e3 Bg7 4.
c4 O-O 5. Be2 c5 6. d5 d6 7. O-O Bg4 8. h3 Bxf3 9. Bxf3 Nbd7 10. Nc3 Rb8 11. a4 b6 12. Be2 a6 13. e4 Ne8 14. Be3 f5 15. exf5 gxf5 16.
f4 Nc7 17. Bf2 Nf6 18. Qd3 Qd7 19. Rad1 b5 20. axb5 axb5 21. cxb5 Ne4 22. Nxe4 fxe4 23. Qxe4 Bxb2 24. Rb1 Bh8 25. Rb3 Qf5 26. Rg3+ Bg7 27. Qxe7 Rf7 28. Qxd6 Rd7 29. Qxc5 Nxd5 30.
Bg4 1-0

[Event "Kvibergspelen 2018"]
[Site "Prioritet Serneke Arena, Krutvagen 2, Gothenburg, Sweden"]
[Date "2018.04.20"]
[Round "4.7"]
[White "Lindberg, Bengt"]
[Black "Ask, Josef"]
[Result "1-0"]
[TimeControl "15 minutes + 5 seconds per move from move one (Round 1 - 4) / 90 minutes + 30 seconds per move from move one (Round 5 - 8)"]
[WhiteTitle "IM"]
[BlackTitle "FM"]
[WhiteFideId "1700359"]
[BlackFideId "1704583"]
[WhiteElo "2385"]
[BlackElo "2173"]

1. e4 e5 2. Nf3 Nc6 3. Bb5 g6 4. O-O Bg7 5. c3 Nge7 6. d4 exd4 7. cxd4 d5 8. exd5 Nxd5 9. Re1+ Be6 10.
Bg5 Qd6 11. Nc3 O-O 12. Qd2 Rfe8 13. a3 f6 14. Ne4 Qf8 15. Bh4 Rad8 16. Nc5 Bc8 17. Bc4 Rxe1+ 18. Rxe1 Kh8 19. b4 Bh6 20.
Qa2 Nb6 21. Be6 Bxe6 22. Nxe6 Qf7 23. d5 Rxd5 24. Qa1 Nd7 25. Nxc7 Rf5 26. Bg3 Bf8 27. Nd4 Nxd4 28. Qxd4 b6 29.
Ne6 Kg8 30. Nxf8 Nxf8 31. h4 Rd5 32. Qc3 Rd8 33. Bf4 Kg7 34. Qe3 Kg8 35. g3 Rd7 36. Bh6 Rd8 37. Qe7 Rd7 38. Qe8 Qxe8 39.
Rxe8 Rf7 40. g4 f5 41. g5 f4 42. f3 Rf5 43. Kf2 Rf7 44. b5 Rf5 45. a4 Rf7 46. Ke2 Rf5 47. Kd3 Rf7 48. Ke4 Rf5 49. Rxf8+ Rxf8 50. Bxf8 Kxf8 51. Kxf4 Kg8 1-0

[Event "Kvibergspelen 2018"]
[Site "Prioritet Serneke Arena, Krutvagen 2, Gothenburg, Sweden"]
[Date "2018.04.20"]
[Round "4.8"]
[White "Bellon Lopez, Juan"]
[Black "Bjorklund, Thomas"]
[Result "0-1"]
[TimeControl "15 minutes + 5 seconds per move from move one (Round 1 - 4) / 90 minutes + 30 seconds per move from move one (Round 5 - 8)"]
[WhiteTitle "GM"]
[WhiteFideId "2200031"]
[BlackFideId "1724576"]
[WhiteElo "2352"]
[BlackElo "2156"]

1. d4 d5 2. Bg5 g6 3. h4 h6 4. Bf4 Bg7 5. Nf3 c5 6. e3 Nf6 7. c3 Nc6 8. Nbd2 Bg4 9. Qb3 Qb6 10.
Ne5 Qxb3 11. axb3 Nxe5 12. Bxe5 cxd4 13. Bb5+ Bd7 14. Bxd7+ Kxd7 15. Bxf6 Bxf6 16. exd4 e5 17. dxe5 Bxe5 18.
Nf3 Bg7 19. O-O-O Kc6 20. Nd4+ Bxd4 21. Rxd4 Rhe8 22. Rhd1 Rad8 23. c4 Re5 24. f4 Re2 25. g4 Rh2 26. f5 Rxh4 27. fxg6 fxg6 28. cxd5+ Kd6 29. Re4 h5 30.
Re6+ Kc5 31. gxh5 Rxh5 32. d6 Rd7 33. Rxg6 Rd5 34. b4+ Kc6 35. Rxd5 Kxd5 36. Kc2 Rxd6 37. Rg7 Kc6 38. Kc3 Rf6 39. Rg5 a6 40. Kc4 Rf4+ 41.
Kb3 Rf3+ 42. Ka4 Rf2 43.
Rg6+ Kc7 44. b3 Ra2# 0-1

[Event "Kvibergspelen 2018"]
[Site "Prioritet Serneke Arena, Krutvagen 2, Gothenburg, Sweden"]
[Date "2018.04.20"]
[Round "4.9"]
[White "Ronneland, Daniel"]
[Black "Seo, Jung Min"]
[Result "0-1"]
[TimeControl "15 minutes + 5 seconds per move from move one (Round 1 - 4) / 90 minutes + 30 seconds per move from move one (Round 5 - 8)"]
[BlackTitle "FM"]
[WhiteFideId "1702130"]
[BlackFideId "1734687"]
[WhiteElo "2201"]
[BlackElo "2349"]

1. d4 f5 2. g3 Nf6 3. Bg2 g6 4. c3 Bg7 5.
Qb3 d5 6. Nh3 c6 7. O-O O-O 8.
Nd2 Na6 9. Nf3 Kh8 10. Nf4 Qb6 11. Nd3 Nb8 12. Qa3 Qd8 13. Bf4 Nbd7 14. Nfe5 Nxe5 15. Nxe5 Nh5 16. Bg5 Bf6 17. Bh6 Bg7 18.
Bg5 Nf6 19. Bxf6 exf6 20. Nd3 Re8 21. Rae1 Be6 22. f3 Qe7 23. Qxe7 Rxe7 24. e4 dxe4 25. fxe4 Bc4 26. Re3 fxe4 27. Rd1 f5 28. b3 Bf7 29. Ne5 Bxe5 30. dxe5 Rae8 31. g4 Rxe5 32.
gxf5 gxf5 33. Rd7 R5e7 34. Rxe7 Rxe7 35. Kf2 Rd7 36. Kg3 Rd2 37. Bh3 Bg6 38. a4 Kg7 39. Kf4 Kf6 0-1

[Event "Kvibergspelen 2018"]
[Site "Prioritet Serneke Arena, Krutvagen 2, Gothenburg, Sweden"]
[Date "2018.04.20"]
[Round "4.11"]
[White "Fransson, Patrick"]
[Black "Rasti, Arvin"]
[Result "1/2-1/2"]
[TimeControl "15 minutes + 5 seconds per move from move one (Round 1 - 4) / 90 minutes + 30 seconds per move from move one (Round 5 - 8)"]
[WhiteFideId "1709305"]
[BlackFideId "1741160"]
[WhiteElo "2176"]
[BlackElo "1920"]

1. d4 g6 2. Bg5 Bg7 3. e3 d6 4. c3 Nd7 5. Bd3 Ngf6 6. Nd2 O-O 7. h4 h6 8. Bxf6 Nxf6 9. Qc2 e5 10.
dxe5 dxe5 11. O-O-O Qe7 12. Ne2 Ng4 13. Rdf1 f5 14. Ng3 e4 15. Be2 Ne5 16. f4 exf3 17. gxf3 Qc5 18. f4 Qxe3 19.
fxe5 Qxg3 20. Rhg1 Qxe5 21. Bc4+ Kh7 22. Nf3 Qf6 23. Nd4 1/2-1/2

[Event "Kvibergspelen 2018"]
[Site "Prioritet Serneke Arena, Krutvagen 2, Gothenburg, Sweden"]
[Date "2018.04.20"]
[Round "4.12"]
[White "Heidenfors, Ronald"]
[Black "Rydstrom, Tom"]
[Result "0-1"]
[TimeControl "15 minutes + 5 seconds per move from move one (Round 1 - 4) / 90 minutes + 30 seconds per move from move one (Round 5 - 8)"]
[BlackTitle "FM"]
[WhiteFideId "1724053"]
[BlackFideId "1714830"]
[WhiteElo "2009"]
[BlackElo "2357"]

1. e4 c5 2. Nf3 e6 3. d4 cxd4 4. Nxd4 a6 5. a3 Nf6 6. Nc3 Qc7 7. Be2 b5 8. f4 d6 9. Bf3 Bb7 10.
O-O Nbd7 11. Kh1 Rc8 12. Re1 e5 13. Nf5 g6 14. Ne3 Be7 15. f5 O-O 16. g4 Nc5 17. Ned5 Nxd5 18. Nxd5 Bxd5 19.
Qxd5 Na4 20. Re2 Nb6 21. Qd1 Qd8 22. Bh6 Re8 0-1

[Event "Kvibergspelen 2018"]
[Site "Prioritet Serneke Arena, Krutvagen 2, Gothenburg, Sweden"]
[Date "2018.04.20"]
[Round "4.13"]
[White "Al Hadarani, Hatim"]
[Black "Larsson, Patrik"]
[Result "1-0"]
[TimeControl "15 minutes + 5 seconds per move from move one (Round 1 - 4) / 90 minutes + 30 seconds per move from move one (Round 5 - 8)"]
[WhiteTitle "FM"]
[WhiteFideId "9400273"]
[BlackFideId "1713744"]
[WhiteElo "2334"]
[BlackElo "2006"]

1. c4 c5 2. Nc3 Nf6 3. e3 e6 4. d4 d5 5.
Nf3 Nc6 6. a3 a6 7. dxc5 Bxc5 8.
b4 Ba7 9. Bb2 d4 10. exd4 Nxd4 11. c5 Nxf3+ 12. Qxf3 Qe7 13. Bxa6 Bxc5 14. Bb5+ 1-0

[Event "Kvibergspelen 2018"]
[Site "Prioritet Serneke Arena, Krutvagen 2, Gothenburg, Sweden"]
[Date "2018.04.20"]
[Round "4.14"]
[White "Wickstrom, Tommy"]
[Black "Storme, Isak"]
[Result "*"]
[TimeControl "15 minutes + 5 seconds per move from move one (Round 1 - 4) / 90 minutes + 30 seconds per move from move one (Round 5 - 8)"]
[BlackTitle "CM"]
[WhiteFideId "1713442"]
[BlackFideId "1728113"]
[WhiteElo "1977"]
[BlackElo "2323"]

1. d4 Nf6 2. c4 c5 3. d5 b5 4. Qc2 bxc4 5. e4 d6 6. Bxc4 g6 7. b3 Bg7 8. Bb2 O-O 9. Nd2 Nbd7 10. f4 Nb6 11. Ngf3 e6 12. dxe6 fxe6 13. O-O-O Qc7 14. e5 Nfd5 15. exd6 Bxb2+ 16. Qxb2 Qxd6 17. g3 Ne3 18. Ne4 Nxd1 19. Rxd1 Qe7 20. Ne5 Bb7 21. Ng5 Bd5 22. Bd3 c4 23. Nxh7 Qxh7 24. Bxg6 Qg7 25. Kb1 cxb3 26. axb3 Rab8 27. Rc1 Na4 28. Qd4 Rxb3+ 29. Kc2 Rc8+ 30. Kd2 Rxc1 31. Qxa4 Rc8 32. Bf7+ Kh8 33. Qd7 Rb2+ 34. Kd3 Rbc2 35. Qe7 R8c3+ 36. Kd4 Rc4+ 37. Kd3 Be4+ 38. Ke3 Kh7 39. Qh4 Qh6 40. Qe7 Kh8 41. Qe8 Kg7 42. Qe7 Kh8 43. Qe8 Kg7 44. Qe7 Qf6 45. Qe8 Bh7 46. Qd7 R4c3+ 47. Kd4 Rd3# 48. Nxd3 Qh6 49. Qe8 *

[Event "Kvibergspelen 2018"]
[Site "Prioritet Serneke Arena, Krutvagen 2, Gothenburg, Sweden"]
[Date "2018.04.20"]
[Round "4.15"]
[White "Crevatin, Leo"]
[Black "Bergenwall, Henric"]
[Result "1-0"]
[TimeControl "15 minutes + 5 seconds per move from move one (Round 1 - 4) / 90 minutes + 30 seconds per move from move one (Round 5 - 8)"]
[WhiteFideId "1726307"]
[BlackFideId "1747924"]
[WhiteElo "2157"]
[BlackElo "1963"]

1. d4 g6 2. c4 d6 3. Nc3 c6 4.
e4 Qc7 5. f3 Bg7 6. Be3 Nf6 7. Nge2 O-O 8. Qd2 Re8 9. g4 e5 10. d5 a5 11. Ng3 Na6 12. Be2 Nd7 13. h4 Nf8 14. h5 Nc5 15. O-O-O a4 16.
dxc6 bxc6 17. Qxd6 Qxd6 18. Rxd6 Nce6 19. Rxc6 a3 20. b3 Nd4 21. Bxd4 exd4 22. Nd5 Re6 23. Rxe6 Nxe6 24. Kc2 Bb7 25.
Nb4 Be5 26. Rg1 Nf4 27. Nd3 Bc7 28. b4 Nh3 29. Rg2 Nf4 30. Nxf4 Bxf4 31. Bd3 Kf8 32. Kb3 Ke7 33. Ne2 Be3 34.
c5 Bc8 35. Bc4 Bd7 36. Bd5 Rb8 37. Kxa3 Bb5 38. Kb3 d3 39. Nc3 d2 40. Bc4 Bd7 41. Nd5+ 1-0

[Event "Kvibergspelen 2018"]
[Site "Prioritet Serneke Arena, Krutvagen 2, Gothenburg, Sweden"]
[Date "2018.04.20"]
[Round "4.17"]
[White "Subramanian, Aditya"]
[Black "Sjolander, Anders"]
[Result "1/2-1/2"]
[TimeControl "15 minutes + 5 seconds per move from move one (Round 1 - 4) / 90 minutes + 30 seconds per move from move one (Round 5 - 8)"]
[WhiteFideId "1718924"]
[BlackFideId "1711903"]
[WhiteElo "2128"]
[BlackElo "1977"]

1. d4 d5 2. Nf3 Nc6 3. Bf4 Bf5 4. e3 e6 5. a3 a6 6.
c4 Nf6 7. h3 Bd6 8. Bg5 O-O 9. Nc3 Be7 10. Nh4 Bg6 11. Nxg6 hxg6 12. Qc2 Rc8 13. Rd1 dxc4 14. Bxc4 Nd5 15. Bxd5 exd5 16. Bxe7 Nxe7 17.
O-O c6 18. Na4 Nf5 19. Nc5 Qe7 20. Rfe1 Nd6 21. Nd3 Rfe8 22. Ne5 Qh4 23. Re2 Rc7 24. Kh2 Ne4 25. g3 Qg5 26. Kg2 Rce7 27. h4 Qf6 28. f3 Nd6 29.
Rh1 Qf5 30. Qxf5 gxf5 31. Kf2 f6 32. Ng6 Re6 33. Nf4 R6e7 34. Ng6 Re6 35. b3 Nb5 36. Nf4 R6e7 37. a4 Nc7 38. Ng6 Re6 39. h5 Kf7 40. Nf4 R6e7 41.
Ng6 Re6 42. Rh4 Rb8 43. Rf4 b5 44. a5 b4 45. Rxf5 Nb5 46. Nf4 Re7 47. g4 Rbe8 48.
g5 Nd6 49. g6+ Kg8 50. Nxd5 Nxf5 51. Nxe7+ Nxe7 52. Rc2 Rb8 53. e4 Rb5 54. d5 cxd5 55. Rc7 Kf8 56. h6 gxh6 57. g7+ Kxg7 58. Rxe7+ Kg6 59. Re6 dxe4 60. Rxa6 Rf5 61. f4 Rxf4+ 62. Ke3 Rf3+ 63. Kxe4 Rxb3 64.
Rb6 Ra3 65. a6 b3 66. a7 Ra4+ 67. Kf3 Rxa7 68.
Rxb3 Ra4 69. Rb8 h5 70. Rg8+ Kf5 71. Rh8 Ra3+ 72. Kg2 Kg4 73. Rg8+ Kf4 74. Rh8 Ra2+ 75. Kh3 f5 76. Rxh5 Rb2 77. Rh8 Kf3 78. Ra8 Rb3 79.
Kh2 f4 80. Ra7 Re3 81. Kg1 Re1+ 82. Kh2 Kf2 83. Ra2+ Re2 84. Ra3 f3 85. Ra1 Re1 86. Ra2+ Re2 87. Ra1 Re8 88. Ra2+ Ke1 89. Kg3 Rf8 90. Ra1+ Ke2 91. Ra2+ 1/2-1/2

[Event "Kvibergspelen 2018"]
[Site "Prioritet Serneke Arena, Krutvagen 2, Gothenburg, Sweden"]
[Date "2018.04.20"]
[Round "4.18"]
[White "Bengtsson, Siv"]
[Black "Andersson, Kjell-Ake"]
[Result "0-1"]
[TimeControl "15 minutes + 5 seconds per move from move one (Round 1 - 4) / 90 minutes + 30 seconds per move from move one (Round 5 - 8)"]
[WhiteFideId "1701673"]
[BlackFideId "1713825"]
[WhiteElo "2125"]
[BlackElo "1921"]

1. e4 e6 2. d4 d5 3. Nd2 Nf6 4. e5 Nfd7 5. Bd3 c5 6. c3 Nc6 7. Ne2 Qb6 8. Nf3 cxd4 9. cxd4 f6 10.
exf6 Nxf6 11. O-O Bd6 12. a3 Bd7 13. Nc3 Nxd4 14. Nxd4 Qxd4 15. Bg6+ hxg6 16. Qxd4 Bxh2+ 17. Kh1 Be5 18.
Kg1 Bxd4 19. Ne2 Bb6 20. Bf4 Bb5 21. Rfe1 Bxe2 22. Rxe2 Kf7 23. b4 Rac8 24. g3 Ne4 25. Kg2 Rc4 26.
f3 Nf6 27. Bd2 Rc2 28. Rae1 e5 29. a4 Bd4 30. Be3 Rxe2+ 31. Rxe2 Bxe3 32. Rxe3 e4 33. fxe4 dxe4 34. Rc3 Rd8 35.
b5 Ke6 36. Kf1 Ke5 37. Ke2 Nd5 38. Rc4 Rd7 39. Rc1 Rf7 40. Rh1 Nc3+ 41. Kd2 Kd4 42. Rh8 e3+ 43. Ke1 Rd7 44. g4 Nxa4 45.
Ra8 b6 46. Rh8 Kd3 47. g5 Nc3 48. Rh3 0-1

[Event "Kvibergspelen 2018"]
[Site "Prioritet Serneke Arena, Krutvagen 2, Gothenburg, Sweden"]
[Date "2018.04.20"]
[Round "4.19"]
[White "Moller, Mikael"]
[Black "Al Waeli, Laith"]
[Result "1/2-1/2"]
[TimeControl "15 minutes + 5 seconds per move from move one (Round 1 - 4) / 90 minutes + 30 seconds per move from move one (Round 5 - 8)"]
[BlackTitle "FM"]
[WhiteFideId "1738461"]
[BlackFideId "4801059"]
[WhiteElo "1962"]
[BlackElo "2109"]

1. e4 e6 2. d4 d5 3. Nc3 dxe4 4.
Nxe4 Bd7 5. Nf3 Bc6 6. Bd3 Nd7 7.
Bd2 Ngf6 8. Qe2 Nxe4 9. Bxe4 Bxe4 10. Qxe4 c6 11. O-O-O Nf6 12. Qe2 Be7 13. Kb1 O-O 14. Rdg1 Qd5 15. g4 Qe4 16. Qxe4 Nxe4 17. Be3 b5 18.
Ne5 Rfc8 19. f3 Nd6 20. h4 a5 21. h5 f6 22. Nd3 Nc4 23. Bc1 Rd8 24. Re1 Kf7 25. c3 Bd6 26. f4 b4 27.
Re2 bxc3 28. bxc3 Rab8+ 29. Ka1 Rb5 30. Rhe1 Rdb8 31. Be3 Ba3 32. Bf2 Nb2 33. Nc5 Bxc5 34. dxc5 Nd3 35. Rd1 Nxf4 36. Red2 h6 37. Rd7+ Kg8 38.
Re7 Rb2 39. Bg3 e5 40. Bxf4 exf4 41. a4 R2b3 42. Ka2 Rb2+ 43. Ka1 R2b3 44. Ka2 Rxc3 45. Rdd7 Rc2+ 46. Ka1 Rc1+ 47. Ka2 Rc2+ 48. Ka1 Rc1+ 49. Ka2 1/2-1/2

[Event "Kvibergspelen 2018"]
[Site "Prioritet Serneke Arena, Krutvagen 2, Gothenburg, Sweden"]
[Date "2018.04.20"]
[Round "4.20"]
[White "Berg, Roy"]
[Black "Eriksson, Lennarth"]
[Result "0-1"]
[TimeControl "15 minutes + 5 seconds per move from move one (Round 1 - 4) / 90 minutes + 30 seconds per move from move one (Round 5 - 8)"]
[WhiteFideId "1711458"]
[BlackFideId "1707736"]
[WhiteElo "1961"]
[BlackElo "2098"]

1. d4 d6 2. Nf3 f5 3. g3 g6 4. c4 Nf6 5. Nc3 Bg7 6. Bg2 O-O 7. O-O Qe8 8. d5 c6 9. Nd4 Bd7 10. Rb1 Na6 11. b4 e5 12. dxe6 Bxe6 13. Nxe6 Qxe6 14. Qb3 Rae8 15. e3 Ng4 16. Ne2 Ne5 17. Rd1 Nxc4 18. Nd4 Bxd4 19. Rxd4 d5 20. a4 Nc7 21. b5 c5 22. Rd1 Rd8 23. Ba3 b6 24. Rbc1 Nxa3 25. Qxa3 Rf7 26. Bf1 Rfd7 27. a5 Qf6 28. axb6 axb6 29. Qb3 Kg7 30. Ra1 Ne6 31. Bg2 d4 32. Bc6 Rd6 33. Ra7+ Kh6 34. Qd3 dxe3 35. Qxe3 f4 36. gxf4 Rxd1+ 37. Kg2 Nxf4+ 0-1

[Event "Kvibergspelen 2018"]
[Site "Prioritet Serneke Arena, Krutvagen 2, Gothenburg, Sweden"]
[Date "2018.04.21"]
[Round "5.1"]
[White "Brynell, Stellan"]
[Black "Hector, Jonny"]
[Result "1/2-1/2"]
[TimeControl "15 minutes + 5 seconds per move from move one (Round 1 - 4) / 90 minutes + 30 seconds per move from move one (Round 5 - 8)"]
[WhiteTitle "GM"]
[BlackTitle "GM"]
[WhiteFideId "1700219"]
[BlackFideId "1700090"]
[WhiteElo "2420"]
[BlackElo "2502"]

1. Nf3 d5 2. c4 d4 3. e3 Nc6 4. exd4 Nxd4 5. Nxd4 Qxd4 6. d3 Nh6 7. Be2 g6 8. Nc3 c6 9. Be3 Qd8 10.
g4 f5 11. h3 e5 12. f3 Nf7 13. Qd2 Bh6 14. O-O-O Bxe3 15. Qxe3 Qg5 16. Qxg5 Nxg5 17. d4 exd4 18. Rxd4 Ne6 19.
Rd2 O-O 20. h4 Nf4 21. g5 Be6 22. Bf1 Rad8 23. Rhh2 h6 24. Rxd8 Rxd8 25. Rd2 Re8 26. Rd4 hxg5 27. hxg5 Bf7 28.
Rxf4 Re1+ 29. Kd2 Rxf1 30. c5 Rf2+ 31. Ne2 Bxa2 32. Ke3 Rf1 33. Rb4 Bd5 34. f4 Rf3+ 35. Kd2 a5 36. Rxb7 Bc4 37.
Nc3 Rxf4 38. Rc7 Rg4 39. Rxc6 Rxg5 40. b3 Rg2+ 41. Ke3 Rg3+ 42. Kd4 Bf1 43. Nd5 Rd3+ 44. Ke5 Rxd5+ 45. Kxd5 Bg2+ 46.
Kd6 Bxc6 47. Kxc6 f4 48. Kb6 f3 49. c6 f2 50. c7 f1=Q 51. c8=Q+ Kg7 52. Kxa5 g5 53. b4 Qa1+ 54. Kb6 Qd4+ 55.
Qc5 Qf6+ 56. Ka7 g4 57. b5 g3 58. Qc6 Qf2+ 59. b6 g2 60. Qc3 Qf6 61. Qg3 Qg6 62. Qc3 Kh7 63. Qh3 Kg8 64.
Qc8+ Kg7 65. Qc3 Kh7 66. Qh3 1/2-1/2

[Event "Kvibergspelen 2018"]
[Site "Prioritet Serneke Arena, Krutvagen 2, Gothenburg, Sweden"]
[Date "2018.04.21"]
[Round "5.2"]
[White "Blomqvist, Erik"]
[Black "Ernst, Thomas"]
[Result "1/2-1/2"]
[TimeControl "15 minutes + 5 seconds per move from move one (Round 1 - 4) / 90 minutes + 30 seconds per move from move one (Round 5 - 8)"]
[WhiteTitle "GM"]
[BlackTitle "GM"]
[WhiteFideId "1709437"]
[BlackFideId "1700065"]
[WhiteElo "2494"]
[BlackElo "2366"]

1. e4 e5 2. Nf3 Nc6 3. Bb5 a6 4. Ba4 Nf6 5. d3 Bc5 6. Nc3 b5 7. Bb3 d6 8. Nd5 Na5 9. Bg5 Nxb3 10.
axb3 c6 11. Nxf6+ gxf6 12. Be3 Rg8 13. Bxc5 dxc5 14. g3 Be6 15. Qe2 Qd6 16. O-O Kd7 17. Qe3 Kc7 18. Kg2 Kb7 19. Nh4 Rad8 20.
f4 Qd4 21. Qxd4 exd4 22. f5 Bc8 23. Rf4 Kb6 24. Kf2 a5 25. Ng2 h6 26. Rh4 Rh8 27. Nf4 Ba6 28. g4 c4 29. Nh5 a4 30.
bxc4 bxc4 31. dxc4 Bxc4 32. Rxa4 Bb5 33. Ra3 c5 34. Nxf6 c4 35. Nd5+ Kc5 36. Rh5 f6 37. Nf4 Rd6 38.
Ne6+ Kb6 39. c3 d3 40. Nd4 Bc6 41. g5 Bxe4 42. Rxh6 Rxh6 43. gxh6 Rd7 44. b3 Bd5 45. bxc4 Bxc4 46. Ke3 Rh7 47. Ra4 Kc5 48.
Ra5+ Kb6 49. Ra4 Kc5 50. Ra8 Rxh6 51. Rc8+ Kd5 52. Nf3 Rh3 53. Kf4 Ba6 54. Rc7 Kd6 55. Ra7 Bc4 56. Nd2 Bd5 57.
Ra6+ Ke7 58. Ra5 Bc6 59. c4 Rxh2 60. Ke3 Rh3+ 61. Kd4 Bd7 62. Ra7 Kd8 63. Ra6 Bxf5 64. Rxf6 Bd7 65. Rf3 Rxf3 66.
Nxf3 Bf5 67. Kc3 Kc7 68. Ne1 Kc6 69. Nxd3 Bxd3 70. Kxd3 1/2-1/2

[Event "Kvibergspelen 2018"]
[Site "Prioritet Serneke Arena, Krutvagen 2, Gothenburg, Sweden"]
[Date "2018.04.21"]
[Round "5.4"]
[White "Kucuksari, Kaan"]
[Black "Lindberg, Bengt"]
[Result "0-1"]
[TimeControl "15 minutes + 5 seconds per move from move one (Round 1 - 4) / 90 minutes + 30 seconds per move from move one (Round 5 - 8)"]
[WhiteTitle "FM"]
[BlackTitle "IM"]
[WhiteFideId "6380166"]
[BlackFideId "1700359"]
[WhiteElo "2251"]
[BlackElo "2385"]

1. d4 d5 2. Nf3 Nf6 3. c4 e6 4.
g3 Be7 5. Bg2 O-O 6. O-O dxc4 7. Qa4 a6 8. Qxc4 b5 9. Qc2 Bb7 10. Bd2 Be4 11. Qc1 c6 12. Rd1 Nbd7 13. Nc3 Bg6 14.
a3 Qb6 15. b4 Rfc8 16. Qb2 Nd5 17. Rac1 h6 18. Be1 Bf6 19. e3 Qb8 20. Nd2 N7b6 21. Nce4 Be7 22. Nb3 Nc4 23. Rxc4 bxc4 24.
Na5 c5 25. dxc5 Bxe4 26. Bxe4 Bxc5 27. Bc3 Bf8 28. Bxd5 exd5 29. Rxd5 Qb6 30. Rd4 Qe6 31. Qe2 Ra7 32. Qd2 Rac7 33.
Kg2 Be7 34. Qd1 Bf6 35. Rd6 Qe4+ 36. f3 Qxe3 37. Bxf6 gxf6 38. f4 Qe4+ 39. Kf2 Re8 40. Rxf6 Qe3+ 41. Kg2 Qe2+ 42. Qxe2 Rxe2+ 43. Kf3 Ra2 44. Nxc4 Rxc4 45. Rxa6 Kg7 46. b5 Rc3+ 47. Ke4 Rcxa3 48. Rxa3 Rxa3 49. Kd5 Kf6 50. b6 Kf5 51. Kd6 Rb3 52.
Kc7 Kg4 53. b7 Kh3 54. b8=Q Rxb8 55. Kxb8 h5 56. Kc7 Kxh2 57. f5 Kxg3 58. Kd6 Kg4 59. f6 Kg5 60. Ke5 h4 0-1

[Event "Kvibergspelen 2018"]
[Site "Prioritet Serneke Arena, Krutvagen 2, Gothenburg, Sweden"]
[Date "2018.04.21"]
[Round "5.5"]
[White "Bjorklund, Thomas"]
[Black "Hillarp Persson, Tiger"]
[Result "0-1"]
[TimeControl "15 minutes + 5 seconds per move from move one (Round 1 - 4) / 90 minutes + 30 seconds per move from move one (Round 5 - 8)"]
[BlackTitle "GM"]
[WhiteFideId "1724576"]
[BlackFideId "1700812"]
[WhiteElo "2156"]
[BlackElo "2540"]

1. e4 g6 2. d4 Bg7 3. Nf3 d6 4. Be2 Nd7 5. O-O e5 6. Bg5 Ngf6 7. dxe5 dxe5 8. Nc3 h6 9. Be3 O-O 10.
h3 Kh7 11. Nd2 b6 12. Qe1 Bb7 13. Rd1 Qe7 14. a3 Nc5 15. Bxc5 Qxc5 16. Nb3 Qe7 17. Bc4 c6 18. Nc1 Rad8 19.
Qe2 b5 20. Bb3 Rd4 21. Qe3 a6 22. N1e2 c5 23. Bd5 Bc8 24. Qf3 Rxd1 25. Rxd1 Rd8 26. Ng3 h5 27. Bc6 Rxd1+ 28. Qxd1 Qc7 29.
Bd5 Bh6 30. Nf1 Kg7 31. Nh2 b4 32. axb4 cxb4 33. Ne2 Qd6 34. Qd3 a5 35. c4 a4 36. Nf3 Nd7 37. Qc2 Nc5 38. Ne1 Bg5 39.
Nd3 Nxd3 40. Qxd3 Bd8 41. Qf3 f6 42. Nc1 Bb6 43. Nd3 a3 44. bxa3 bxa3 45. Qd1 Bd4 46. c5 Qa6 47. Qb1 h4 48.
Kh2 Bd7 49. c6 Bxc6 50. Nb4 Bxd5 51. Nxa6 a2 52. Qf1 Bf7 0-1

[Event "Kvibergspelen 2018"]
[Site "Prioritet Serneke Arena, Krutvagen 2, Gothenburg, Sweden"]
[Date "2018.04.21"]
[Round "5.6"]
[White "Rydstrom, Tom"]
[Black "Strom, Leif"]
[Result "1-0"]
[TimeControl "15 minutes + 5 seconds per move from move one (Round 1 - 4) / 90 minutes + 30 seconds per move from move one (Round 5 - 8)"]
[WhiteTitle "FM"]
[WhiteFideId "1714830"]
[BlackFideId "1709410"]
[WhiteElo "2357"]
[BlackElo "2111"]

1. e4 g6 2. d4 Bg7 3. Nc3 d6 4. Be3 a6 5. Qd2 Nd7 6. h4 h5 7. O-O-O b5 8. Nh3 Bb7 9. Ng5 Rc8 10.
Kb1 c5 11. f3 Qa5 12. Qf2 cxd4 13. Bxd4 Bxd4 14. Qxd4 Ngf6 15. Qd2 b4 16. Ne2 Ne5 17. Nd4 Qb6 18. Be2 O-O 19. g4 Nc4 20.
Bxc4 Rxc4 21. gxh5 Nxh5 22. Rhg1 Rfc8 23.
b3 R4c5 24. Nge6 Kh7 25. Nxc5 dxc5 26. Nf5 gxf5 27. Qg5 Qh6 28. Qxe7 Qf6 29. Qxb7 Re8 30. Rg5 Nf4 31. Rxf5 1-0

[Event "Kvibergspelen 2018"]
[Site "Prioritet Serneke Arena, Krutvagen 2, Gothenburg, Sweden"]
[Date "2018.04.21"]
[Round "5.7"]
[White "Eriksson, Lennarth"]
[Black "Al Hadarani, Hatim"]
[Result "1/2-1/2"]
[TimeControl "15 minutes + 5 seconds per move from move one (Round 1 - 4) / 90 minutes + 30 seconds per move from move one (Round 5 - 8)"]
[BlackTitle "FM"]
[WhiteFideId "1707736"]
[BlackFideId "9400273"]
[WhiteElo "2098"]
[BlackElo "2334"]

1. b3 f5 2. Bb2 Nf6 3. e3 e6 4. c4 Be7 5. Nc3 O-O 6. Qc2 d5 7. Nf3 c6 8. Be2 Bd6 9. d4 Ne4 10.
Ne5 Nd7 11. Nxe4 fxe4 12. O-O Qg5 13. Qc3 Qh6 14. f4 exf3 15. Rxf3 Rxf3 16. gxf3 Nf6 17. Rf1 Bd7 18. Bc1 Rf8 19.
Kh1 Be8 20. Rg1 Qh5 21. Rg2 Bxe5 22. dxe5 Nd7 23. f4 Qh6 24. cxd5 exd5 25. Bg4 b6 26. b4 c5 27. e6 Nf6 28.
e7 Rf7 29. Be6 d4 30. exd4 Kh8 31. f5 Qh5 32. Bxf7 Qd1 33. Rg1 Bc6 34. d5 Bxd5 35. Bxd5 Qxd5 36. Rg2 1/2-1/2